Map: Arctic Dream LE

Players

Massa

  • Race: Terran Terran
  • League: Platinum
  • Spawn Location: 5:00

qqq

  • Race: Zerg Zerg
  • League: Platinum
  • Spawn Location: 6:00

Warpspeed - Winner!

  • Race: Zerg Zerg
  • League: Platinum
  • Spawn Location: 11:00

zpt - Winner!

  • Race: Zerg Zerg
  • League: Diamond
  • Spawn Location: 12:00

VOD

Have the link to the VOD?

Description

Time

  • Played on: Nov. 30, 2020, 3:03 p.m.
  • Length: 7:19
Show
View Real Time Build Order
Export as new Build Order

Massa Terran 

Build Orders: 2 Factory, Hellion Opening 

Get SALT Encoding   

  12  0:00  SCV  
  13  0:12  SCV  
  14  0:17  Supply Depot  
  14  0:24  SCV  
  15  0:38  SCV  
  15  0:40  Barracks  
  16  0:47  Refinery  
  16  0:50  SCV  
  16  0:55  Refinery  
  17  1:03  SCV  
  18  1:15  SCV  
  19  1:27  SCV, Supply Depot  
  20  1:37  Factory, Marine  
  20  1:39  SCV  
  22  1:53  Orbital Command  
  22  1:55  Barracks Tech Lab  
  22  2:05  Factory  
  22  2:24  SCV  
  22  2:29  Engineering Bay  
  23  2:30  Barracks Reactor  
  23  2:31  Hellion  
  23  2:35  Infernal Pre-Igniter  
  25  2:41  SCV  
  26  2:52  Hellion  
  26  2:55  Supply Depot  
  26  2:57  Supply Depot  
  30  3:12  Hellion  
  30  3:14  Barracks Tech Lab  
  30  3:16  SCV  
  30  3:17  Hellion  
  33  3:29  Missile Turret  
  33  3:33  Hellion  
  37  3:34  Hellion  
  39  3:48  Hellion  
  39  3:55  Hellion  
  43  4:03  Hellion  
  45  4:10  Hellion  
  45  4:16  Stimpack  
  45  4:23  Hellion  
  47  4:52  Hellion  
  47  4:55  Hellion  
  39  5:09  Widow Mine  
  39  5:13  Widow Mine  
  43  5:16  Widow Mine  
  43  5:26  Marauder  
  45  5:30  Widow Mine  
  47  6:00  Marauder  
  47  6:12  Widow Mine  
  45  6:21  Marauder  
  46  6:53  Marauder  
  46  7:03  Barracks x2  
Show
View Real Time Build Order
Export as new Build Order

qqq Zerg 

Build Orders: Hatch First 

Get SALT Encoding   

  12  0:05  Drone  
  13  0:14  Drone  
  13  0:19  Overlord  
  14  0:44  Hatchery  
  14  0:48  Drone  
  14  0:51  Drone  
  14  0:55  Drone  
  16  1:07  Drone  
  17  1:17  Spawning Pool  
  16  1:21  Extractor  
  15  1:27  Drone x2  
  17  1:36  Drone  
  18  1:55  Drone  
  18  1:56  Drone  
  20  2:09  Queen  
  20  2:10  Queen  
  20  2:13  Overlord  
  20  2:14  Drone x2  
  26  2:20  Zergling x2  
  27  2:25  Metabolic Boost  
  27  2:29  Zergling x2  
  28  2:32  Zergling x2  
  28  2:35  Zergling x2  
  30  2:41  Overlord  
  30  2:44  Zergling x2  
  14  2:58  Drone  
  14  3:01  Drone x2  
  16  3:21  Drone x2  
  18  3:30  Zergling x4  
  17  3:37  Zergling x2  
  9  4:00  Drone  
  10  4:26  Drone x2  
  12  4:45  Drone x2  
  12  4:51  Drone  
  14  4:59  Drone  
  13  5:05  Drone  
  13  5:21  Lair  
  13  5:31  Spine Crawler  
  13  5:33  Zergling x2  
  13  5:42  Drone  
  14  5:44  Drone  
  15  6:05  Zergling x4  
  17  6:12  Spine Crawler  
  15  6:20  Zergling x4  
Show
View Real Time Build Order
Export as new Build Order

Warpspeed Zerg - Winner!

Build Orders: Hatch First 

Get SALT Encoding   

  12  0:00  Drone  
  13  0:13  Overlord  
  13  0:16  Drone  
  14  0:32  Drone  
  14  0:33  Drone  
  14  0:35  Drone  
  17  0:53  Hatchery  
  17  0:55  Drone  
  17  1:00  Extractor, Drone  
  17  1:15  Spawning Pool  
  17  1:17  Drone  
  17  1:20  Drone  
  18  1:29  Drone  
  18  1:31  Extractor  
  18  1:39  Drone  
  19  1:52  Drone  
  20  2:00  Overlord  
  20  2:03  Metabolic Boost  
  20  2:11  Zergling x2  
  20  2:12  Zergling x2  
  20  2:14  Queen  
  24  2:17  Zergling x2  
  24  2:22  Zergling x2  
  26  2:30  Drone  
  26  2:35  Zergling x2  
  28  2:39  Queen  
  31  2:44  Zergling x2  
  31  2:49  Zergling x2  
  31  2:50  Zergling x2  
  33  2:57  Zergling x2  
  34  2:59  Zergling x2  
  34  3:05  Zergling x2  
  36  3:13  Overlord  
  36  3:19  Overlord  
  36  3:30  Zergling x2  
  36  3:31  Zergling x2  
  36  3:32  Zergling x4  
  39  3:34  Zergling x2  
  39  3:38  Zergling x2  
  39  3:42  Zergling x2  
  39  3:49  Zergling x2  
  39  3:53  Zergling x4  
  39  3:54  Zergling x2  
  39  4:01  Zergling x2  
  39  4:02  Zergling x2  
  34  4:23  Spine Crawler  
  33  4:24  Spine Crawler  
  32  4:35  Drone x4  
  36  4:42  Zergling x4  
  36  4:44  Zergling x2  
  24  4:58  Zergling x2  
  17  5:10  Drone  
  18  5:14  Zergling x2  
  18  5:18  Zergling x2  
  20  5:23  Zergling x2  
  20  5:30  Zergling x4  
  22  5:39  Zergling x4  
  22  5:52  Zergling x8  
  22  5:56  Zergling x2  
  24  6:13  Zergling x4  
  24  6:14  Zergling x4  
  28  6:21  Zergling x2  
  29  6:27  Zergling x2  
  29  6:30  Overlord  
  30  6:39  Zergling x2  
Show
View Real Time Build Order
Export as new Build Order

zpt Zerg - Winner!

Build Orders: 1 Base Baneling Bust, Pool First 

Get SALT Encoding   

  12  0:00  Drone  
  13  0:07  Drone  
  14  0:19  Extractor  
  14  0:20  Extractor  
  14  0:21  Drone x2  
  15  0:36  Spawning Pool  
  14  0:43  Extractor, Drone  
  14  0:49  Overlord  
  15  1:08  Drone x2  
  17  1:25  Zergling x4, Baneling Nest  
  18  1:30  Zergling x2  
  19  1:56  Queen  
  19  1:57  Hatchery  
  20  2:05  Drone x2  
  22  2:21  Baneling x6  
  22  2:35  Roach Warren  
  21  2:44  Drone  
  21  2:45  Overlord  
  21  2:48  Overlord  
  19  3:16  Roach x3  
  19  3:18  Drone x2  
  27  3:21  Queen  
  27  3:22  Roach  
  31  3:28  Roach  
  31  3:31  Drone  
  34  3:38  Drone x2  
  36  3:43  Extractor  
  35  3:49  Drone x2  
  37  4:03  Drone  
  37  4:04  Drone x4  
  37  4:09  Pneumatized Carapace  
  42  4:15  Roach  
  44  4:20  Overlord  
  44  4:38  Overlord x2  
  44  4:44  Roach x2  
  48  4:51  Roach  
  50  4:58  Roach  
  52  5:04  Drone x2  
  52  5:08  Lair  
  51  5:29  Drone x5  
  56  5:58  Hatchery  
  51  6:28  Drone x6  
  51  6:35  Extractor x2  
  51  6:38  Spire  
  51  6:39  Ravager x3  
  51  6:41  Drone x2  
  53  6:51  Ravager  
  54  6:55  Extractor x2  
Tags
 
Add a new tag
Caveats
  • Supply blocks, unpowered buildings, or Contaminate may cause inaccurate times.
  • Supply counts are checked every 10 seconds.